AoeStats
← Covid19

Arena

509487438Analyzed
3v3 RM · 5d ago on Sep 26, 2026· 53m 7s· 6 players
Game mode
Random Map
Map size
Normal (6 player)
Population
200
Speed
Normal
Resources
Standard
Victory
Conquest
Starting age
Dark Age
Ending age
Imperial Age
RankedLock teamsTeams togetherTeam positionsShared explorationLock speedFull tech treeHidden civsTurbo modeCheats
Victory
Defeat
🇺🇸 Danes · United States
1199
+13
🇨🇳 Turks · China
1122
+16
🇦🇷 Romans · Argentina
1061
+19
🇩🇪 Goths · Germany
1134
-16
🇩🇪 Portuguese · Germany
1123
-16
🇨🇦 Turks · Canada
1116
-16
Nutteralex
12:09 Feudal Age
17:33 Castle Age
21:59 Imperial Age
19:29 Double-Bit Axe
19:30 Horse Collar
19:54 Padded Archer Armor
21:24 Bow Saw
23:08 Wheelbarrow
24:15 Gold Mining
25:50 Town Watch
31:10 Leather Archer Armor
38:14 Hand Cart
Covid19
10:14 Feudal Age
13:48 Castle Age
13:25 Loom
16:00 Double-Bit Axe
27:53 Imperial Age
25:56 Bow Saw
26:29 Gold Mining
31:25 Stone Mining
34:01 Chemistry
35:58 Stone Shaft Mining
37:53 Fortified Wall
Event 201
1:20 Loom
13:15 Feudal Age
13:55 Double-Bit Axe
13:52 Horse Collar
18:04 Wheelbarrow
22:47 Castle Age
22:20 Gold Mining
23:41 Bow Saw
23:34 Heavy Plow
28:59 Anarchy
29:38 Scale Mail Armor
29:48 Forging
31:39 Squires
31:00 Pikeman
32:57 Hand Cart
36:48 Imperial Age
36:22 Town Watch
38:33 Halberdier
39:44 Perfusion
40:46 Conscription
41:03 Elite Huskarl
42:42 Chain Mail Armor
43:03 Iron Casting
43:20 Man-at-Arms
45:14 Blast Furnace
48:02 Long Swordsman
Murdock
10:32 Feudal Age
14:11 Castle Age
16:34 Wheelbarrow
15:46 Town Watch
15:47 Double-Bit Axe
15:46 Horse Collar
24:00 Gold Mining
28:19 Imperial Age
26:05 Bow Saw
26:44 Fervor
26:37 Stone Mining
27:23 Gold Shaft Mining
27:47 Heavy Plow
27:36 Loom
28:06 Hand Cart
28:20 Scale Mail Armor
28:30 Forging
29:29 Chain Mail Armor
29:05 Fletching
30:06 Conscription
30:35 Hoardings
30:46 Iron Casting
31:07 Masonry
35:09 Plate Mail Armor
35:39 Blast Furnace
35:20 Town Patrol
37:08 Blast Furnace
36:30 Bodkin Arrow
38:02 Siege Engineers
38:58 Chemistry
38:00 Elite Jomsviking
39:09 Bracer
40:11 Squires
39:57 Arson
40:00 Gambesons
39:35 Man-at-Arms
41:05 Long Swordsman
41:38 Two-Handed Swordsman
42:14 Champion
44:28 Stone Shaft Mining
44:39 Northmen's Fury
45:20 Hamask
50:24 Ballistics
50:01 Murder Holes
gregyostnerij
10:02 Feudal Age
13:59 Castle Age
12:31 Double-Bit Axe
13:34 Horse Collar
14:52 Heavy Plow
20:04 Bow Saw
22:30 Stone Mining
23:23 Loom
23:41 Gold Mining
27:35 Wheelbarrow
27:19 Fletching
27:29 Padded Archer Armor
30:26 Imperial Age
27:42 Town Watch
28:50 Masonry
29:02 Bloodlines
29:14 Sipahi
30:18 Thumb Ring
30:47 Bodkin Arrow
31:07 Leather Archer Armor
34:01 Ring Archer Armor
33:32 Bracer
34:04 Ring Archer Armor
34:39 Husbandry
35:04 Hand Cart
34:24 Heavy Cavalry Archer
35:30 Parthian Tactics
35:59 Scale Barding Armor
37:33 Two-Man Saw
37:20 Conscription
37:18 Forging
37:28 Chain Barding Armor
37:18 Forging
37:46 Treadmill Crane
38:27 Ballistics
38:20 Masonry
37:51 Treadmill Crane
39:32 Iron Casting
40:45 Gold Shaft Mining
41:40 Plate Barding Armor
42:05 Blast Furnace
43:47 Elite Janissary
45:04 Architecture
44:39 Scale Mail Armor
44:52 Guilds
49:47 Artillery
51:19 Bombard Tower
50:55 Murder Holes
51:18 Chain Mail Armor
profe de geografia
3:48 Loom
10:51 Feudal Age
11:52 Feudal Age
17:34 Town Watch
20:02 Castle Age
17:58 Gold Mining
18:01 Double-Bit Axe
18:31 Stone Mining
18:33 Horse Collar
19:01 Town Watch
20:22 Wheelbarrow
21:12 Bow Saw
21:30 Fletching
22:36 Bodkin Arrow
24:03 Ballistics
24:34 Fervor
24:44 Heavy Plow
27:31 Gold Shaft Mining
29:05 Masonry
28:52 Murder Holes
32:19 Imperial Age
30:56 Hand Cart
32:46 Scale Barding Armor
32:51 Forging
33:34 Forging
34:15 Conscription
34:42 Chain Barding Armor
34:43 Caravan
38:13 Plate Barding Armor
38:14 Iron Casting
38:25 Bloodlines
38:15 Husbandry
39:53 Comitatenses
39:50 Ballistas
40:06 Comitatenses
39:07 Elite Centurion
41:35 Chemistry
40:41 Siege Engineers
41:12 Guilds
42:31 Town Patrol
42:40 Heavy Scorpion
45:35 Fortified Wall
45:56 Architecture
51:51 Blast Furnace
51:29 Crop Rotation
51:04 Squires
51:50 Padded Archer Armor
51:51 Scale Mail Armor
51:20 Cavalier
51:21 Light Cavalry
51:56 Guard Tower
51:30 Man-at-Arms
51:30 Pikeman
51:38 Capped Ram
51:38 Onager
54:10 Keep
53:56 Shipwright
53:46 Clinker Construction
53:47 Careening
53:07 Halberdier
Connection lost

Rejoining the realm…

Still unreachable

The connection could not be restored.

Session expired

The server has moved on; the page needs a fresh start.